 Dungeon Crawl Stone Soup version 0.25-a0-265-g7af84ae (webtiles) character file.

Game seed: 17904924316846704691, levelgen mode: deterministic

81 Blackhawk the Skirmisher (level 4, 35/35 HPs)
             Began as a Demonspawn Abyssal Knight on Dec 8, 2019.
             Was a Follower of Lugonu.
             Quit the game on level 3 of the Dungeon.
             The game lasted 00:03:26 (2700 turns).

Blackhawk the Skirmisher (DsAK)                     Turns: 2700, Time: 00:03:27

Health: 35/35      AC:  5    Str: 14    XL:     4   Next: 19%
Magic:  6/6        EV: 11    Int: 13    God:    Lugonu [*.....]
Gold:   67         SH:  0    Dex: 12    Spells: 3/3 levels left

rFire    . . .     SeeInvis .   a - +1 hand axe
rCold    . . .     Gourm    .   (no shield)
rNeg     + . .     Faith    .   b - +0 leather armour
rPois    .         Spirit   .   (no helmet)
rElec    .         Reflect  .   d - +0 cloak
rCorr    .         Harm     .   (no gloves)
MR       .....                  i - +0 pair of boots
Stlth    +.........             (no amulet)
HPRegen  0.11/turn              m - ring of positive energy
MPRegen  0.10/turn              (no ring)

@: heavily drained
A: spiny 1
a: Depart the Abyss, Renounce Religion


You were on level 3 of the Dungeon.
You worshipped Lugonu.
Lugonu was aware of your devotion.
You were not hungry.

You visited 1 branch of the dungeon, and saw 3 of its levels.
You visited the Abyss 1 time.

You collected 67 gold pieces.

Inventory:

Hand Weapons
 a - a +1 hand axe (weapon)
Armour
 b - a +0 leather armour (worn)
 d - a +0 cloak (worn)
 i - a +0 pair of boots (worn)
Jewellery
 f - an uncursed amulet of magic regeneration
 m - a ring of positive energy (left hand)
 n - an uncursed amulet of harm
Scrolls
 e - a scroll of fog {unknown}
 g - a scroll of identify {unknown}
 h - 3 scrolls of remove curse {unknown}
 k - a scroll of teleportation {unknown}
 l - a scroll of immolation {unknown}
Comestibles
 c - 4 rations
 j - 5 chunks of flesh


   Skills:
 + Level 3.5(1.8) Fighting
 + Level 2.4(0.7) Axes
 + Level 2.3(0.7) Armour
 + Level 1.7(0.1) Dodging
 + Level 3.4(1.7) Invocations


You had 3 spell levels left.
You didn't know any spells.
Your spell library was empty.

Dungeon Overview and Level Annotations

Branches:
Dungeon (3/15)

Altars:


Innate Abilities, Weirdness & Mutations

You are partially covered in sharp spines.


Message History

Eating one of 6 chunks of flesh.
You eat one of the 6 chunks of flesh.
This raw flesh tastes terrible.
There is a stone staircase leading up here.
Key pressed, stopping explore.
Things that are here:
a +0 leather armour; a goblin skeleton Key pressed, stopping explore.
Key pressed, stopping explore.
Unknown command.
Items here: )) [ ÷ a +0 mace; a +0 leather armour; a +0 club; an orc skeleton You open the door.
Key pressed, stopping explore.
There is an open door here.
Key pressed, stopping explore.
Are you sure you want to abandon this character and quit the game? (Confirm with "yes".)
Okay, then.
Are you sure you want to abandon this character and quit the game? (Confirm with "yes".)
Okay, then.
Are you sure you want to abandon this character and quit the game? (Confirm with "yes".)

##### #.##.#####...#
#.#.#
#))#.#.......####.#.#
##.#.........#....#.#
#......÷###.#.....#.#
#.......# #.#####.#.#
#.......# #.. #.#
###.##'## #.## #<#
#.##.# #.. ### #.##@#
.. #..#.# ##.#.# ..#
..# #.## #. #.


There were no monsters in sight!

Vanquished Creatures
  2 adders (D:2)
  3 dart slugs (D:1)
  3 leopard geckos
  4 orcs (D:3)
  A ball python (D:2)
  A giant cockroach (D:1)
  4 goblins
  5 hobgoblins (D:1)
  11 jackals
  A quokka (D:3)
  5 bats
  A frilled lizard (D:1)
  A kobold (D:1)
  3 rats
45 creatures vanquished.

Notes
Turn   | Place    | Note
-------+----------+-------------------------------------------
     0 | Abyss:1  | Blackhawk the Demonspawn Abyssal Knight began the quest for
                  | the Orb.
     0 | Abyss:1  | Reached XP level 1. HP: 18/18 MP: 2/2
     3 | Abyss:1  | Found a corrupted altar of Lugonu.
    51 | Abyss:2  | Noticed a worldbinder
    55 | Abyss:2  | Noticed a large abomination
    61 | Abyss:2  | Noticed a large abomination
    61 | Abyss:2  | Noticed a white very ugly thing
    62 | Abyss:2  | Noticed a vampire mosquito
    62 | Abyss:2  | Noticed a swamp drake
    63 | Abyss:2  | Noticed a small abomination
    65 | Abyss:2  | Noticed a vampire mosquito
    65 | Abyss:2  | Noticed an insubstantial wisp
    65 | Abyss:2  | Noticed an insubstantial wisp
    70 | Abyss:2  | Noticed a lich
    71 | D:1      | Escaped the Abyss
   328 | D:1      | Reached skill level 1 in Dodging
   679 | D:1      | Gained mutation: You are partially covered in sharp spines.
                  | [demonic ancestry]
   679 | D:1      | Reached XP level 2. HP: 20/24 MP: 4/4
   715 | D:1      | Reached * piety under Lugonu
  1169 | D:1      | Reached XP level 3. HP: 24/29 MP: 5/5
  2252 | D:2      | Reached XP level 4. HP: 35/35 MP: 6/6
  2700 | D:3      | Quit the game

Levels and vault maps discovered:
D:1:      lightli_arrival_statue_moat, layout_basic, skrybe_limestone_x,
          chequers_garden, minmay_tetromino_t2
D:2:      layout_loops_corners, minmay_distorted
D:3:      layout_basic

Skill      XL: |  1  2 |
---------------+-------+-----
Dodging        | 1 |  1.7
Axes           | 2 |  2.4
Armour         | 2 |  2.3
Invocations    | 3 |  3.4
Fighting       | |  3.5

Action                   |  1- 3 |  4- 6 || total
-------------------------+-------+-------++-------
Melee: Hand axe          |    95 |    20 ||   115
Invok: Depart the Abyss  |     1 |       ||     1
  Use: Potion            |     2 |       ||     2
  Eat: Chunk             |     4 |     2 ||     6
Armor: Leather armour    |    33 |     5 ||    38
Dodge: Dodged            |    70 |    11 ||    81

Table legend:
 A = Non-vault XP
 B = Vault XP
 C = Vault XP percentage of total XP
 D = Non-vault monster count
 E = Vault monster count
 F = Vault count percentage of total count
                 A         B        C        D         E       F
            +---------+---------+-------+---------+---------+-------
      Total |     107 |       9 |   7.8 |      41 |       4 |   8.9
            +---------+---------+-------+---------+---------+-------
        D:1 |      45 |       4 |   8.2 |      22 |       2 |   8.3
        D:2 |      44 |       5 |  10.2 |      12 |       2 |  14.3
        D:3 |      18 |       0 |   0.0 |       7 |       0 |   0.0
            +---------+---------+-------+---------+---------+-------
